 Dungeon Crawl Stone Soup version 0.30-a0-626-gd6a5dd7a1f (webtiles) character file.

Game seed: 9676907361786454722

51 NinjaNoafa the Chopper (level 3, 0/34 HPs)
             Began as a Hill Orc Monk on Jan 12, 2023.
             Slain by Terence
             ... wielding a +0 mace
              (8 damage)
             ... on level 2 of the Dungeon.
             The game lasted 00:03:32 (1089 turns).

NinjaNoafa the Chopper (Hill Orc Monk)              Turns: 1089, Time: 00:03:33

Health: 0/34       AC:  8    Str: 15    XL:     3   Next: 81%
Magic:  3/3        EV:  7    Int: 10    God:
Gold:   59         SH:  0    Dex: 13    Spells: 2/2 levels left

rFire   . . .      SeeInvis .    a - +0 hand axe
rCold   . . .      Faith    .    (no shield)
rNeg    . . .      Spirit   .    h - +0 chain mail
rPois   .          Reflect  .    (no helmet)
rElec   .          Harm     .    (no cloak)
rCorr   .          Rampage  .    (no gloves)
Will    .....                    (no boots) Stlth
                                 (no amulet)
HPRegen 0.25/turn                (no ring)
MPRegen 0.08/turn                (no ring)

@: attractive
A: no striking features
a: no special abilities


You were on level 2 of the Dungeon.
You visited 1 branch of the dungeon, and saw 2 of its levels.

You collected 59 gold pieces.

Inventory:

Hand Weapons
 a - a +0 hand axe (weapon)
Armour
 h - a +0 chain mail (worn)
Scrolls
 d - a scroll of vulnerability {unknown}
 g - a scroll of teleportation {unknown}
 k - a scroll of torment {unknown}
Potions
 e - a potion of magic {unknown}
 f - a potion of curing {unknown}
 i - a potion of flight {unknown}
 j - a potion of brilliance {unknown}


   Skills:
 + Level 4.4 Fighting
 + Level 4.8 Axes
 + Level 1.9 Armour
 - Level 2.4 Dodging
 - Level 1.5 Stealth


You had 2 spell levels left.
You didn't know any spells.
Your spell library was empty.

Dungeon Overview and Level Annotations

Branches:
Dungeon (2/15)

Altars:

Annotations:
D:2 Terence


Message History

Terence shouts, "ATTACK!!!"
Terence hits you with a +0 mace! Terence hits you with a +0 mace.
Terence barely misses you.
You feel less invigorated.
You feel less confused. Terence hits you with a +0 mace.
Terence hits you with a +0 mace!
Things that are here:
a +0 short sword; 3 stones; a kobold corpse You slash Terence!
Terence is heavily wounded.
Terence barely misses you.
Okay, then.
You hit Terence but do no damage.
Terence is heavily wounded.
Terence closely misses you.
You hit Terence but do no damage.
Terence is heavily wounded.
Terence hits you with a +0 mace.
You hit Terence but do no damage.
Terence is heavily wounded.
Terence hits you with a +0 mace.
You hit Terence but do no damage.
Terence is heavily wounded.
Terence hits you with a +0 mace!
* * * LOW HITPOINT WARNING * * *
You hit Terence but do no damage.
Terence is heavily wounded.
Terence closely misses you.
You hit Terence.
Terence is heavily wounded.
Terence hits you with a +0 mace.
* * * LOW HITPOINT WARNING * * *
You hit Terence.
Terence is heavily wounded.
Terence hits you but does no damage.
You hit Terence but do no damage.
Terence is heavily wounded.
Terence hits you with a +0 mace!
You die...

##........#......##.....##
.#........#......+.........
.#........#......#.........
.#...†....#......#....#####
.#........#.######.##+#
..........#...####....####
.....##+#.###...........P.
.....# #.........).......
.....# ........@@.......P
.....# ................P#
....## ..>...........####
###.. ..$..#.......## ..#
.....#.......# ....
#........# ... #.......##
... ........# ?.......##


You could see Terence.

Vanquished Creatures
  An adder (D:2)
  A dart slug (D:1)
  7 ball pythons
  6 endoplasms
  A giant cockroach (D:1)
  4 goblins
  A hobgoblin (D:2)
  3 jackals (D:1)
  5 bats (D:1)
  2 frilled lizards (D:1)
  6 kobolds
  2 rats (D:1)
39 creatures vanquished.

Notes
Turn   | Place    | Note
-------+----------+-------------------------------------------
     0 | D:1      | NinjaNoafa the Hill Orc Monk began the quest for the Orb.
     0 | D:1      | Reached XP level 1. HP: 19/19 MP: 1/1
   277 | D:1      | Reached XP level 2. HP: 25/27 MP: 2/2
   344 | D:1      | Reached skill level 1 in Armour
   690 | D:1      | Reached XP level 3. HP: 33/33 MP: 3/3
  1059 | D:2      | Noticed Terence
  1089 | D:2      | Slain by Terence

Illustrated notes

Levels and vault maps discovered:
D:1:      matt_arrival_spirals, layout_loops_ring
D:2:      layout_basic, uniq_sigmund, uniq_terence, uniq_crazy_yiuf_cottage

Skill      XL: |  1  2 |
---------------+-------+-----
Armour         | 1 |  1.9
Fighting       | 4 |  4.4
Axes           | |  4.8
Dodging        | |  2.4
Stealth        | |  1.5

Action                   || total
-------------------------++-------
Melee: Hand axe          ||   101
       Punch             ||     2
  Use: Potion            ||     2
 Stab: Sleeping          ||     2
Armor: Robe              ||    10
       Chain mail        ||    54
Dodge: Dodged            ||    40

Table legend: (Time is in decaauts)
 A = Elapsed time spent in this place.
 B = Non-inter-level travel time spent in this place.
 C = Inter-level travel time spent in this place.
 D = Time resting spent in this place.
 E = Time spent auto-exploring this place.
 F = Levels seen in this place.
 G = Mean time per level.
                   A        B        C        D        E       F      G
               +--------+--------+--------+--------+--------+-----+--------+
         Total |   1095 |   1029 |     66 |      0 |    767 |   2 |  547.5 |
       Dungeon |   1095 |   1029 |     66 |      0 |    767 |   2 |  547.5 |
               +--------+--------+--------+--------+--------+-----+--------+

Top non-repeatable levels by time:
     D:1: 987 daAuts
     D:2: 107 daAuts
